Map: Deathaura LE

Players

Jason

  • Race: Terran Terran
  • League: Master
  • Spawn Location: 11:00

ELESTRAGO - Winner!

  • Race: Terran Terran
  • League: Master
  • Spawn Location: 5:00

VOD

Have the link to the VOD?

Description

Time

  • Played on: Jan. 4, 2021, 2:55 p.m.
  • Length: 7:11
Show
View Real Time Build Order
Export as new Build Order

Jason Terran 

Build Orders:  

Get SALT Encoding   

  12  0:00  SCV  
  13  0:13  SCV  
  14  0:17  Supply Depot  
  14  0:25  SCV  
  15  0:29  Refinery  
  15  0:38  SCV  
  16  0:44  Barracks  
  16  0:51  SCV  
  16  0:56  Refinery  
  17  1:03  SCV  
  18  1:15  SCV  
  19  1:31  Orbital Command  
  19  1:32  Reaper  
  20  1:36  Factory  
  20  1:42  Supply Depot  
  20  1:57  SCV  
  21  2:04  Reaper  
  22  2:09  SCV  
  23  2:20  Hellion  
  23  2:22  SCV  
  26  2:28  Command Center  
  26  2:34  SCV  
  27  2:40  Barracks Reactor  
  27  2:42  Supply Depot  
  27  2:43  Factory Tech Lab  
  26  2:46  SCV  
  27  2:58  Starport  
  27  3:02  SCV  
  27  3:04  Cyclone  
  31  3:16  Marine x2  
  31  3:17  SCV  
  33  3:33  SCV  
  31  3:36  Siege Tank  
  31  3:39  Starport Tech Lab  
  31  3:40  Marine x2  
  36  3:45  SCV  
  37  3:51  Refinery  
  37  3:57  SCV  
  37  3:58  Reaper  
  39  4:09  SCV, Raven, Marine  
  43  4:10  Orbital Command  
  43  4:21  SCV  
  44  4:26  Siege Tank  
  44  4:30  Supply Depot  
  47  4:32  Marine  
  47  4:33  SCV, Marine  
  47  4:37  SCV  
  48  4:45  SCV  
  48  4:49  SCV  
  50  4:53  Supply Depot  
  50  4:58  SCV  
  51  5:01  Raven  
  51  5:02  SCV  
  54  5:07  Marine x2  
  54  5:10  SCV  
  54  5:14  SCV  
  58  5:16  Siege Tank  
  58  5:20  Supply Depot  
  61  5:22  SCV  
  61  5:26  SCV, Supply Depot  
  61  5:28  Marine  
  63  5:34  SCV  
  65  5:38  SCV  
  66  5:46  SCV  
  69  5:50  SCV, Siege Tank  
  69  5:54  Viking x2  
  74  5:58  SCV  
  74  5:59  Marine  
  74  6:02  SCV  
  77  6:10  SCV  
  78  6:14  SCV  
  79  6:22  SCV, Siege Tank  
  80  6:26  SCV  
  80  6:27  Marine  
  80  6:29  Viking  
  80  6:30  Command Center  
  80  6:32  Refinery  
  84  6:34  SCV  
  84  6:37  Supply Depot  
  84  6:38  Supply Depot  
  72  6:56  SCV  
  72  6:59  SCV  
  78  7:11  Barracks x2  
Show
View Real Time Build Order
Export as new Build Order

ELESTRAGO Terran - Winner!

Build Orders: 1/1/1, Banshee Rush 

Get SALT Encoding   

  12  0:00  SCV  
  13  0:12  SCV  
  14  0:17  Supply Depot  
  14  0:24  SCV  
  14  0:28  Refinery  
  15  0:38  SCV  
  16  0:44  Barracks  
  16  0:51  SCV  
  16  0:54  Refinery  
  17  1:03  SCV  
  18  1:15  SCV  
  19  1:31  Orbital Command  
  19  1:32  Factory  
  19  1:33  Reaper  
  20  1:42  Supply Depot  
  20  1:56  SCV  
  21  2:05  Reaper  
  22  2:09  SCV  
  23  2:17  Hellion  
  23  2:19  Starport  
  25  2:24  SCV  
  26  2:31  Supply Depot  
  26  2:36  SCV  
  27  2:40  Factory Tech Lab, Barracks Tech Lab  
  27  3:01  Cyclone  
  27  3:02  SCV  
  31  3:09  Banshee, Cloaking Field  
  32  3:34  Command Center  
  32  3:35  Cyclone  
  32  3:37  SCV  
  34  3:51  SCV, Barracks Reactor  
  34  3:52  Banshee  
  38  3:56  Supply Depot  
  38  4:04  SCV  
  39  4:18  SCV  
  39  4:20  Cyclone  
  43  4:26  Barracks  
  43  4:29  Barracks  
  43  4:30  SCV  
  44  4:38  Refinery  
  42  4:45  SCV  
  42  4:48  Orbital Command  
  42  4:55  Starport Reactor  
  42  4:57  SCV, Marine  
  42  4:58  Stimpack  
  44  5:01  Siege Tank  
  44  5:02  Supply Depot  
  47  5:09  SCV  
  48  5:16  SCV  
  49  5:22  SCV  
  49  5:28  SCV, Marine x3  
  52  5:31  Supply Depot  
  52  5:34  SCV  
  55  5:36  Siege Tank  
  55  5:37  Starport Reactor  
  58  5:43  Marine x2  
  58  5:46  SCV x2, Marine x2  
  64  5:55  Supply Depot  
  64  5:58  SCV x2  
  66  6:05  Marine x2  
  66  6:06  Marine x3  
  68  6:13  SCV x2  
  68  6:15  Viking  
  68  6:16  Viking  
  74  6:26  SCV x2  
  76  6:36  Marine x2  
  76  6:42  Marine  
  76  6:43  Marine  
  76  6:44  Marine  
  65  7:06  Engineering Bay  
  67  7:10  Command Center  
Tags
 
Matchup
TvT
Opening
1/1/1
Race
Terran
Spawn Locations
Cross Positions
Strategy
Banshee Rush
Add a new tag
Caveats
  • Supply blocks, unpowered buildings, or Contaminate may cause inaccurate times.
  • Supply counts are checked every 10 seconds.